Map: 2000 Atmospheres LE

Players

Dolan

  • Race: Terran Terran

PattyMac - Winner!

  • Race: Protoss Protoss

Event: DreamHack SC2 Masters 2021 Winter

VOD

Have the link to the VOD?

Description

Time

  • Played on: Oct. 5, 2021, 7:17 p.m.
  • Length: 10:27

All games in this series

Show
View Real Time Build Order
Export as new Build Order

Dolan Terran 

Build Orders:  

Get SALT Encoding   

  12  0:00  SCV  
  13  0:12  SCV  
  14  0:16  Supply Depot  
  14  0:24  SCV  
  15  0:38  SCV  
  15  0:40  Barracks  
  16  0:44  Refinery  
  16  0:50  SCV  
  17  1:02  SCV  
  17  1:03  Engineering Bay  
  18  1:14  SCV  
  19  1:29  Marine, Orbital Command  
  20  1:44  Supply Depot  
  20  1:50  Barracks Reactor  
  20  1:59  SCV  
  21  2:11  Command Center  
  21  2:15  Command Center  
  21  2:19  SCV  
  22  2:25  Bunker  
  22  2:28  Marine x2  
  24  2:33  Barracks  
  24  2:39  SCV  
  25  2:46  Marine  
  25  2:47  Marine  
  27  2:52  SCV  
  28  3:00  Barracks  
  25  3:15  Marine x2  
  21  3:32  Barracks Tech Lab  
  21  3:33  SCV  
  22  3:38  Orbital Command  
  22  3:45  SCV  
  22  3:46  Marine x2  
  25  3:51  Marine  
  25  3:52  Stimpack  
  26  3:57  SCV, Orbital Command  
  26  4:01  Barracks Tech Lab  
  27  4:06  Marine x2  
  27  4:09  Marine  
  30  4:12  Engineering Bay  
  30  4:14  SCV  
  31  4:21  Combat Shield  
  31  4:22  Marine  
  31  4:24  SCV  
  33  4:25  Marine x2  
  33  4:27  Marine  
  33  4:28  SCV  
  37  4:38  SCV  
  37  4:39  Supply Depot  
  37  4:40  SCV  
  39  4:46  Marauder x2, Marine  
  39  4:47  Marine  
  45  4:54  Factory  
  45  4:59  SCV  
  46  5:01  SCV  
  47  5:07  Supply Depot  
  47  5:10  Marine x2  
  47  5:13  Marauder  
  51  5:15  Marauder  
  51  5:19  SCV  
  54  5:24  Missile Turret  
  54  5:29  SCV  
  53  5:36  Marauder x2, Marine  
  55  5:50  SCV x2  
  55  5:54  Refinery  
  55  5:55  Marine x2  
  55  5:56  Starport  
  59  6:03  Factory Reactor  
  59  6:04  SCV x2  
  59  6:20  Marine x2  
  59  6:21  Marauder x2  
  62  6:26  SCV x2  
  56  6:38  SCV x2  
  51  6:41  Marine x2  
  51  6:42  Marauder x2  
  51  6:49  Factory Tech Lab  
  51  6:50  Bunker  
  51  6:51  SCV x2  
  51  6:53  Refinery  
  48  6:58  Refinery, Marine x2  
  50  7:03  SCV x2, Marine x2  
  54  7:10  Siege Tank  
  54  7:13  Supply Depot  
  56  7:16  SCV x2  
  56  7:17  Marine x2  
  60  7:23  Marine x2  
  48  7:45  SCV x2  
  48  7:48  Marauder, Marine x2  
  48  7:49  Marauder, Medivac x2  
  60  7:53  Siege Tank  
  63  7:58  Supply Depot  
  63  8:02  SCV x2  
  63  8:04  Supply Depot  
  65  8:08  Marine x2  
  65  8:10  Marauder  
  69  8:17  SCV  
  70  8:20  Marauder, Supply Depot, SCV  
  70  8:22  Medivac  
  70  8:23  Medivac  
  70  8:26  Siege Tank  
  80  8:32  Marine x2  
  80  8:33  Supply Depot  
  84  8:34  Marauder  
  84  8:43  Barracks  
  84  8:44  Barracks  
  84  8:50  Supply Depot  
  84  8:58  Marauder x2, Marine x2  
  84  8:59  Siege Tank  
  93  9:06  Viking x2  
  96  9:19  Marine x2  
  96  9:20  Marauder x2  
  102  9:24  Supply Depot  
  102  9:25  Supply Depot  
  102  9:31  Siege Tank  
  105  9:40  Barracks Tech Lab, Barracks Reactor  
  104  9:48  Viking  
  104  9:49  Viking  
  90  9:59  Marauder x3, Marine  
  97  10:00  Marine  
Show
View Real Time Build Order
Export as new Build Order

PattyMac Protoss - Winner!

Build Orders: Oracle Opening, Blink Stalkers 

Get SALT Encoding   

  12  0:00  Probe  
  13  0:12  Probe  
  14  0:17  Pylon  
  14  0:24  Probe (Chrono Boost)  
  16  0:35  Gateway  
  16  0:36  Probe (Chrono Boost)  
  16  0:41  Probe (Chrono Boost)  
  16  0:45  Assimilator  
  17  0:52  Probe  
  18  1:04  Probe  
  19  1:16  Probe  
  20  1:23  Cybernetics Core  
  20  1:28  Probe, Pylon  
  20  1:30  Zealot  
  23  1:48  Nexus  
  23  1:59  Adept (Chrono Boost)  
  23  2:01  Warp Gate  
  24  2:19  Adept (Chrono Boost)  
  26  2:31  Nexus  
  26  2:34  Probe  
  26  2:36  Assimilator  
  27  2:46  Probe  
  28  2:51  Twilight Council  
  28  3:01  Probe  
  29  3:19  Probe  
  28  3:24  Blink (Chrono Boost)  
  26  3:32  Probe (Chrono Boost)  
  25  3:35  Shield Battery  
  25  3:40  Gateway x2  
  25  3:43  Probe (Chrono Boost)  
  27  3:49  Sentry  
  27  3:50  Probe (Chrono Boost)  
  27  3:52  Probe (Chrono Boost)  
  30  3:55  Oracle  
  30  3:56  Probe (Chrono Boost)  
  30  3:57  Probe (Chrono Boost)  
  32  4:08  Probe  
  32  4:09  Robotics Facility, Probe  
  34  4:16  Stalker  
  36  4:21  Probe (Chrono Boost)  
  38  4:25  Probe (Chrono Boost)  
  38  4:27  Assimilator, Pylon  
  39  4:31  Probe (Chrono Boost)  
  39  4:34  Probe (Chrono Boost)  
  39  4:35  Stalker  
  39  4:37  Stalker  
  44  4:38  Probe  
  44  4:44  Assimilator, Probe  
  46  4:50  Probe  
  46  4:52  Stalker  
  49  4:57  Probe, Pylon  
  50  5:04  Stalker x2  
  54  5:15  Probe  
  54  5:16  Observer (Chrono Boost), Probe, Pylon  
  54  5:20  Pylon  
  57  5:22  Stalker  
  57  5:28  Probe  
  60  5:34  Immortal  
  64  5:39  Shield Battery  
  64  5:44  Stalker x2  
  64  5:47  Observer  
  64  5:49  Probe x2  
  70  5:55  Robotics Bay  
  70  5:58  Forge  
  70  6:09  Stalker x2  
  74  6:30  Nexus  
  74  6:32  Pylon  
  72  6:39  Stalker x2  
  70  6:40  Stalker  
  70  6:46  Probe (Chrono Boost)  
  69  6:48  Probe (Chrono Boost)  
  69  6:50  Protoss Ground Weapons Level 1  
  69  6:51  Pylon  
  69  6:52  Colossus (Chrono Boost)  
  70  6:58  Probe (Chrono Boost)  
  70  7:00  Probe (Chrono Boost)  
  78  7:04  Charge  
  78  7:07  Probe (Chrono Boost)  
  78  7:08  Probe (Chrono Boost)  
  80  7:12  Probe  
  80  7:15  Probe  
  82  7:24  Probe  
  82  7:26  Gateway  
  83  7:35  Colossus (Chrono Boost)  
  83  7:47  Zealot x3  
  83  7:48  Probe  
  83  7:49  Probe  
  83  7:50  Probe  
  92  7:55  Gateway  
  92  7:57  Gateway x2, Extended Thermal Lance (Chrono Boost)  
  92  7:58  Pylon  
  92  7:59  Gateway  
  92  8:05  Shield Battery  
  92  8:11  Pylon  
  92  8:12  Zealot x2  
  96  8:21  Stalker x2  
  96  8:25  Templar Archives  
  96  8:26  Pylon  
  100  8:28  Colossus (Chrono Boost)  
  106  8:40  Stalker x2  
  110  8:44  Probe x2  
  110  8:45  Assimilator x2, Probe  
  113  8:49  Pylon  
  113  8:55  Zealot x2  
  117  9:03  Pylon  
  117  9:06  High Templar x2  
  120  9:11  Zealot x3, Archon  
  124  9:18  Stalker x2  
  124  9:22  Zealot  
  130  9:26  Photon Cannon  
  130  9:30  Colossus (Chrono Boost)  
  130  9:35  Stalker  
  138  9:52  Stalker x4  
  140  9:53  Stalker x2  
  140  9:58  Stalker  
  148  10:09  Pylon  
  148  10:13  Forge, Pylon  

Tags
 
Add a new tag
Caveats
  • Supply blocks, unpowered buildings, or Contaminate may cause inaccurate times.
  • Supply counts are checked every 10 seconds.